%YAML 1.1
%TAG !u! tag:unity3d.com,2011:
--- !u!1 &5424667425451034038
GameObject:
  m_ObjectHideFlags: 0
  m_CorrespondingSourceObject: {fileID: 0}
  m_PrefabInstance: {fileID: 0}
  m_PrefabAsset: {fileID: 0}
  serializedVersion: 6
  m_Component:
  - component: {fileID: 5134697646426794473}
  m_Layer: 0
  m_Name: PlatformPeninsula05
  m_TagString: Untagged
  m_Icon: {fileID: 0}
  m_NavMeshLayer: 0
  m_StaticEditorFlags: 1
  m_IsActive: 1
--- !u!4 &5134697646426794473
Transform:
  m_ObjectHideFlags: 0
  m_CorrespondingSourceObject: {fileID: 0}
  m_PrefabInstance: {fileID: 0}
  m_PrefabAsset: {fileID: 0}
  m_GameObject: {fileID: 5424667425451034038}
  m_LocalRotation: {x: 0, y: 0, z: 0, w: 1}
  m_LocalPosition: {x: 0, y: 0, z: 0}
  m_LocalScale: {x: 1, y: 1, z: 1}
  m_ConstrainProportionsScale: 0
  m_Children:
  - {fileID: 8552057715103104352}
  - {fileID: 2559724710157542148}
  - {fileID: 3659723437683731779}
  - {fileID: 6075432954832378634}
  - {fileID: 6479937949032704290}
  - {fileID: 8317936078937838942}
  - {fileID: 1264208285741094252}
  - {fileID: 3042139857809498329}
  - {fileID: 7446430363971753913}
  - {fileID: 4609204354789179096}
  m_Father: {fileID: 0}
  m_RootOrder: 0
  m_LocalEulerAnglesHint: {x: 0, y: 0, z: 0}
--- !u!1001 &210943843674791907
PrefabInstance:
  m_ObjectHideFlags: 0
  serializedVersion: 2
  m_Modification:
    m_TransformParent: {fileID: 5134697646426794473}
    m_Modifications:
    - target: {fileID: 426425940846471155, guid: 44e399014eb6dcf44a35c1e3218a2229, type: 3}
      propertyPath: m_StaticEditorFlags
      value: 1
      objectReference: {fileID: 0}
    - target: {fileID: 744738743466633548, guid: 44e399014eb6dcf44a35c1e3218a2229, type: 3}
      propertyPath: m_Materials.Array.data[3]
      value: 
      objectReference: {fileID: 2100000, guid: 21332117746b48d4abd0442890ad5793, type: 2}
    - target: {fileID: 1014772698498906744, guid: 44e399014eb6dcf44a35c1e3218a2229, type: 3}
      propertyPath: m_StaticEditorFlags
      value: 1
      objectReference: {fileID: 0}
    - target: {fileID: 1248952303782922393, guid: 44e399014eb6dcf44a35c1e3218a2229, type: 3}
      propertyPath: m_StaticEditorFlags
      value: 1
      objectReference: {fileID: 0}
    - target: {fileID: 1519347037746043821, guid: 44e399014eb6dcf44a35c1e3218a2229, type: 3}
      propertyPath: m_Materials.Array.data[2]
      value: 
      objectReference: {fileID: 2100000, guid: 12d525f6d4189b5489b23715430e7a92, type: 2}
    - target: {fileID: 4350677060265203657, guid: 44e399014eb6dcf44a35c1e3218a2229, type: 3}
      propertyPath: m_StaticEditorFlags
      value: 1
      objectReference: {fileID: 0}
    - target: {fileID: 4624474325188211997, guid: 44e399014eb6dcf44a35c1e3218a2229, type: 3}
      propertyPath: m_StaticEditorFlags
      value: 1
      objectReference: {fileID: 0}
    - target: {fileID: 4679541820054235850, guid: 44e399014eb6dcf44a35c1e3218a2229, type: 3}
      propertyPath: m_StaticEditorFlags
      value: 1
      objectReference: {fileID: 0}
    - target: {fileID: 5146214717511959119, guid: 44e399014eb6dcf44a35c1e3218a2229, type: 3}
      propertyPath: m_StaticEditorFlags
      value: 1
      objectReference: {fileID: 0}
    - target: {fileID: 6446211381223512118, guid: 44e399014eb6dcf44a35c1e3218a2229, type: 3}
      propertyPath: m_StaticEditorFlags
      value: 1
      objectReference: {fileID: 0}
    - target: {fileID: 6538726777750008993, guid: 44e399014eb6dcf44a35c1e3218a2229, type: 3}
      propertyPath: m_StaticEditorFlags
      value: 1
      objectReference: {fileID: 0}
    - target: {fileID: 7148466886554518683, guid: 44e399014eb6dcf44a35c1e3218a2229, type: 3}
      propertyPath: m_StaticEditorFlags
      value: 1
      objectReference: {fileID: 0}
    - target: {fileID: 8179190607742519997, guid: 44e399014eb6dcf44a35c1e3218a2229, type: 3}
      propertyPath: m_RootOrder
      value: 5
      objectReference: {fileID: 0}
    - target: {fileID: 8179190607742519997, guid: 44e399014eb6dcf44a35c1e3218a2229, type: 3}
      propertyPath: m_LocalPosition.x
      value: 0
      objectReference: {fileID: 0}
    - target: {fileID: 8179190607742519997, guid: 44e399014eb6dcf44a35c1e3218a2229, type: 3}
      propertyPath: m_LocalPosition.y
      value: 0
      objectReference: {fileID: 0}
    - target: {fileID: 8179190607742519997, guid: 44e399014eb6dcf44a35c1e3218a2229, type: 3}
      propertyPath: m_LocalPosition.z
      value: 2.5
      objectReference: {fileID: 0}
    - target: {fileID: 8179190607742519997, guid: 44e399014eb6dcf44a35c1e3218a2229, type: 3}
      propertyPath: m_LocalRotation.w
      value: -0.00000035762784
      objectReference: {fileID: 0}
    - target: {fileID: 8179190607742519997, guid: 44e399014eb6dcf44a35c1e3218a2229, type: 3}
      propertyPath: m_LocalRotation.x
      value: -0
      objectReference: {fileID: 0}
    - target: {fileID: 8179190607742519997, guid: 44e399014eb6dcf44a35c1e3218a2229, type: 3}
      propertyPath: m_LocalRotation.y
      value: -1
      objectReference: {fileID: 0}
    - target: {fileID: 8179190607742519997, guid: 44e399014eb6dcf44a35c1e3218a2229, type: 3}
      propertyPath: m_LocalRotation.z
      value: -0
      objectReference: {fileID: 0}
    - target: {fileID: 8179190607742519997, guid: 44e399014eb6dcf44a35c1e3218a2229, type: 3}
      propertyPath: m_LocalEulerAnglesHint.x
      value: 0
      objectReference: {fileID: 0}
    - target: {fileID: 8179190607742519997, guid: 44e399014eb6dcf44a35c1e3218a2229, type: 3}
      propertyPath: m_LocalEulerAnglesHint.y
      value: -180
      objectReference: {fileID: 0}
    - target: {fileID: 8179190607742519997, guid: 44e399014eb6dcf44a35c1e3218a2229, type: 3}
      propertyPath: m_LocalEulerAnglesHint.z
      value: 0
      objectReference: {fileID: 0}
    - target: {fileID: 8646921589335557132, guid: 44e399014eb6dcf44a35c1e3218a2229, type: 3}
      propertyPath: m_Name
      value: FloatingPlatform00_2.5HardInteriorCorner_Fenced (1)
      objectReference: {fileID: 0}
    - target: {fileID: 8646921589335557132, guid: 44e399014eb6dcf44a35c1e3218a2229, type: 3}
      propertyPath: m_StaticEditorFlags
      value: 1
      objectReference: {fileID: 0}
    - target: {fileID: 8753695733402360560, guid: 44e399014eb6dcf44a35c1e3218a2229, type: 3}
      propertyPath: m_StaticEditorFlags
      value: 1
      objectReference: {fileID: 0}
    - target: {fileID: 8766014213897831719, guid: 44e399014eb6dcf44a35c1e3218a2229, type: 3}
      propertyPath: m_StaticEditorFlags
      value: 1
      objectReference: {fileID: 0}
    - target: {fileID: 9142670748347150965, guid: 44e399014eb6dcf44a35c1e3218a2229, type: 3}
      propertyPath: m_StaticEditorFlags
      value: 1
      objectReference: {fileID: 0}
    m_RemovedComponents: []
  m_SourcePrefab: {fileID: 100100000, guid: 44e399014eb6dcf44a35c1e3218a2229, type: 3}
--- !u!4 &8317936078937838942 stripped
Transform:
  m_CorrespondingSourceObject: {fileID: 8179190607742519997, guid: 44e399014eb6dcf44a35c1e3218a2229, type: 3}
  m_PrefabInstance: {fileID: 210943843674791907}
  m_PrefabAsset: {fileID: 0}
--- !u!1001 &625734445343062397
PrefabInstance:
  m_ObjectHideFlags: 0
  serializedVersion: 2
  m_Modification:
    m_TransformParent: {fileID: 5134697646426794473}
    m_Modifications:
    - target: {fileID: 2115455572622810789, guid: a1773e4d788662b4db7c53ff5f51a56a, type: 3}
      propertyPath: m_Materials.Array.data[2]
      value: 
      objectReference: {fileID: 2100000, guid: 21332117746b48d4abd0442890ad5793, type: 2}
    - target: {fileID: 2115455572622810789, guid: a1773e4d788662b4db7c53ff5f51a56a, type: 3}
      propertyPath: m_Materials.Array.data[4]
      value: 
      objectReference: {fileID: 2100000, guid: 7170d03e3b5ebd84b9438bae2a61a98c, type: 2}
    - target: {fileID: 2115455572622810789, guid: a1773e4d788662b4db7c53ff5f51a56a, type: 3}
      propertyPath: m_Materials.Array.data[5]
      value: 
      objectReference: {fileID: 2100000, guid: 2130643de8235bd47a4a0cb2ce8df3d0, type: 2}
    - target: {fileID: 2553264942518442057, guid: a1773e4d788662b4db7c53ff5f51a56a, type: 3}
      propertyPath: m_StaticEditorFlags
      value: 1
      objectReference: {fileID: 0}
    - target: {fileID: 3111699602393577480, guid: a1773e4d788662b4db7c53ff5f51a56a, type: 3}
      propertyPath: m_Materials.Array.data[3]
      value: 
      objectReference: {fileID: 2100000, guid: 12d525f6d4189b5489b23715430e7a92, type: 2}
    - target: {fileID: 4459538163385967067, guid: a1773e4d788662b4db7c53ff5f51a56a, type: 3}
      propertyPath: m_StaticEditorFlags
      value: 1
      objectReference: {fileID: 0}
    - target: {fileID: 5675334788034391154, guid: a1773e4d788662b4db7c53ff5f51a56a, type: 3}
      propertyPath: m_StaticEditorFlags
      value: 1
      objectReference: {fileID: 0}
    - target: {fileID: 5855333802994094175, guid: a1773e4d788662b4db7c53ff5f51a56a, type: 3}
      propertyPath: m_RootOrder
      value: 4
      objectReference: {fileID: 0}
    - target: {fileID: 5855333802994094175, guid: a1773e4d788662b4db7c53ff5f51a56a, type: 3}
      propertyPath: m_LocalPosition.x
      value: 2.5
      objectReference: {fileID: 0}
    - target: {fileID: 5855333802994094175, guid: a1773e4d788662b4db7c53ff5f51a56a, type: 3}
      propertyPath: m_LocalPosition.y
      value: 0
      objectReference: {fileID: 0}
    - target: {fileID: 5855333802994094175, guid: a1773e4d788662b4db7c53ff5f51a56a, type: 3}
      propertyPath: m_LocalPosition.z
      value: 5.000002
      objectReference: {fileID: 0}
    - target: {fileID: 5855333802994094175, guid: a1773e4d788662b4db7c53ff5f51a56a, type: 3}
      propertyPath: m_LocalRotation.w
      value: 0.000000104308114
      objectReference: {fileID: 0}
    - target: {fileID: 5855333802994094175, guid: a1773e4d788662b4db7c53ff5f51a56a, type: 3}
      propertyPath: m_LocalRotation.x
      value: -0
      objectReference: {fileID: 0}
    - target: {fileID: 5855333802994094175, guid: a1773e4d788662b4db7c53ff5f51a56a, type: 3}
      propertyPath: m_LocalRotation.y
      value: 1
      objectReference: {fileID: 0}
    - target: {fileID: 5855333802994094175, guid: a1773e4d788662b4db7c53ff5f51a56a, type: 3}
      propertyPath: m_LocalRotation.z
      value: -0
      objectReference: {fileID: 0}
    - target: {fileID: 5855333802994094175, guid: a1773e4d788662b4db7c53ff5f51a56a, type: 3}
      propertyPath: m_LocalEulerAnglesHint.x
      value: 0
      objectReference: {fileID: 0}
    - target: {fileID: 5855333802994094175, guid: a1773e4d788662b4db7c53ff5f51a56a, type: 3}
      propertyPath: m_LocalEulerAnglesHint.y
      value: 180
      objectReference: {fileID: 0}
    - target: {fileID: 5855333802994094175, guid: a1773e4d788662b4db7c53ff5f51a56a, type: 3}
      propertyPath: m_LocalEulerAnglesHint.z
      value: 0
      objectReference: {fileID: 0}
    - target: {fileID: 5899528932404092352, guid: a1773e4d788662b4db7c53ff5f51a56a, type: 3}
      propertyPath: m_StaticEditorFlags
      value: 1
      objectReference: {fileID: 0}
    - target: {fileID: 6275409108534309338, guid: a1773e4d788662b4db7c53ff5f51a56a, type: 3}
      propertyPath: m_Name
      value: FloatingPlatform00_2.5_Fenced (1)
      objectReference: {fileID: 0}
    - target: {fileID: 6275409108534309338, guid: a1773e4d788662b4db7c53ff5f51a56a, type: 3}
      propertyPath: m_StaticEditorFlags
      value: 1
      objectReference: {fileID: 0}
    - target: {fileID: 6575481792835878631, guid: a1773e4d788662b4db7c53ff5f51a56a, type: 3}
      propertyPath: m_StaticEditorFlags
      value: 1
      objectReference: {fileID: 0}
    - target: {fileID: 7918593495915470607, guid: a1773e4d788662b4db7c53ff5f51a56a, type: 3}
      propertyPath: m_StaticEditorFlags
      value: 1
      objectReference: {fileID: 0}
    m_RemovedComponents: []
  m_SourcePrefab: {fileID: 100100000, guid: a1773e4d788662b4db7c53ff5f51a56a, type: 3}
--- !u!4 &6479937949032704290 stripped
Transform:
  m_CorrespondingSourceObject: {fileID: 5855333802994094175, guid: a1773e4d788662b4db7c53ff5f51a56a, type: 3}
  m_PrefabInstance: {fileID: 625734445343062397}
  m_PrefabAsset: {fileID: 0}
--- !u!1001 &1541386887155053877
PrefabInstance:
  m_ObjectHideFlags: 0
  serializedVersion: 2
  m_Modification:
    m_TransformParent: {fileID: 5134697646426794473}
    m_Modifications:
    - target: {fileID: 355579354323247193, guid: e65da6cab683eb547ab89770c710b79b, type: 3}
      propertyPath: m_RootOrder
      value: 6
      objectReference: {fileID: 0}
    - target: {fileID: 355579354323247193, guid: e65da6cab683eb547ab89770c710b79b, type: 3}
      propertyPath: m_LocalPosition.x
      value: 2.5
      objectReference: {fileID: 0}
    - target: {fileID: 355579354323247193, guid: e65da6cab683eb547ab89770c710b79b, type: 3}
      propertyPath: m_LocalPosition.y
      value: 0
      objectReference: {fileID: 0}
    - target: {fileID: 355579354323247193, guid: e65da6cab683eb547ab89770c710b79b, type: 3}
      propertyPath: m_LocalPosition.z
      value: 2.5
      objectReference: {fileID: 0}
    - target: {fileID: 355579354323247193, guid: e65da6cab683eb547ab89770c710b79b, type: 3}
      propertyPath: m_LocalRotation.w
      value: 0.70710653
      objectReference: {fileID: 0}
    - target: {fileID: 355579354323247193, guid: e65da6cab683eb547ab89770c710b79b, type: 3}
      propertyPath: m_LocalRotation.x
      value: -0
      objectReference: {fileID: 0}
    - target: {fileID: 355579354323247193, guid: e65da6cab683eb547ab89770c710b79b, type: 3}
      propertyPath: m_LocalRotation.y
      value: -0.70710707
      objectReference: {fileID: 0}
    - target: {fileID: 355579354323247193, guid: e65da6cab683eb547ab89770c710b79b, type: 3}
      propertyPath: m_LocalRotation.z
      value: -0
      objectReference: {fileID: 0}
    - target: {fileID: 355579354323247193, guid: e65da6cab683eb547ab89770c710b79b, type: 3}
      propertyPath: m_LocalEulerAnglesHint.x
      value: 0
      objectReference: {fileID: 0}
    - target: {fileID: 355579354323247193, guid: e65da6cab683eb547ab89770c710b79b, type: 3}
      propertyPath: m_LocalEulerAnglesHint.y
      value: -90
      objectReference: {fileID: 0}
    - target: {fileID: 355579354323247193, guid: e65da6cab683eb547ab89770c710b79b, type: 3}
      propertyPath: m_LocalEulerAnglesHint.z
      value: 0
      objectReference: {fileID: 0}
    - target: {fileID: 679356823549183005, guid: e65da6cab683eb547ab89770c710b79b, type: 3}
      propertyPath: m_Materials.Array.data[3]
      value: 
      objectReference: {fileID: 2100000, guid: 12d525f6d4189b5489b23715430e7a92, type: 2}
    - target: {fileID: 913194093644753015, guid: e65da6cab683eb547ab89770c710b79b, type: 3}
      propertyPath: m_StaticEditorFlags
      value: 1
      objectReference: {fileID: 0}
    - target: {fileID: 1885137756517791740, guid: e65da6cab683eb547ab89770c710b79b, type: 3}
      propertyPath: m_StaticEditorFlags
      value: 1
      objectReference: {fileID: 0}
    - target: {fileID: 2565385502398934309, guid: e65da6cab683eb547ab89770c710b79b, type: 3}
      propertyPath: m_StaticEditorFlags
      value: 1
      objectReference: {fileID: 0}
    - target: {fileID: 3214096244186914310, guid: e65da6cab683eb547ab89770c710b79b, type: 3}
      propertyPath: m_Name
      value: FloatingPlatform00_2.5Corner_Fenced (2)
      objectReference: {fileID: 0}
    - target: {fileID: 3214096244186914310, guid: e65da6cab683eb547ab89770c710b79b, type: 3}
      propertyPath: m_StaticEditorFlags
      value: 1
      objectReference: {fileID: 0}
    - target: {fileID: 4245238027193627006, guid: e65da6cab683eb547ab89770c710b79b, type: 3}
      propertyPath: m_StaticEditorFlags
      value: 1
      objectReference: {fileID: 0}
    - target: {fileID: 6584754301731302626, guid: e65da6cab683eb547ab89770c710b79b, type: 3}
      propertyPath: m_StaticEditorFlags
      value: 1
      objectReference: {fileID: 0}
    - target: {fileID: 7114182569148296158, guid: e65da6cab683eb547ab89770c710b79b, type: 3}
      propertyPath: m_StaticEditorFlags
      value: 1
      objectReference: {fileID: 0}
    - target: {fileID: 8565205125159316910, guid: e65da6cab683eb547ab89770c710b79b, type: 3}
      propertyPath: m_Materials.Array.data[2]
      value: 
      objectReference: {fileID: 2100000, guid: 21332117746b48d4abd0442890ad5793, type: 2}
    - target: {fileID: 8565205125159316910, guid: e65da6cab683eb547ab89770c710b79b, type: 3}
      propertyPath: m_Materials.Array.data[4]
      value: 
      objectReference: {fileID: 2100000, guid: 7170d03e3b5ebd84b9438bae2a61a98c, type: 2}
    - target: {fileID: 8565205125159316910, guid: e65da6cab683eb547ab89770c710b79b, type: 3}
      propertyPath: m_Materials.Array.data[5]
      value: 
      objectReference: {fileID: 2100000, guid: a6c7f542a12787149bb061e048217b38, type: 2}
    m_RemovedComponents: []
  m_SourcePrefab: {fileID: 100100000, guid: e65da6cab683eb547ab89770c710b79b, type: 3}
--- !u!4 &1264208285741094252 stripped
Transform:
  m_CorrespondingSourceObject: {fileID: 355579354323247193, guid: e65da6cab683eb547ab89770c710b79b, type: 3}
  m_PrefabInstance: {fileID: 1541386887155053877}
  m_PrefabAsset: {fileID: 0}
--- !u!1001 &4510352939100549589
PrefabInstance:
  m_ObjectHideFlags: 0
  serializedVersion: 2
  m_Modification:
    m_TransformParent: {fileID: 5134697646426794473}
    m_Modifications:
    - target: {fileID: 99308892069973773, guid: a3a29d6544b17aa4a8f1c0e0ff0f49aa, type: 3}
      propertyPath: m_RootOrder
      value: 9
      objectReference: {fileID: 0}
    - target: {fileID: 99308892069973773, guid: a3a29d6544b17aa4a8f1c0e0ff0f49aa, type: 3}
      propertyPath: m_LocalScale.y
      value: 4
      objectReference: {fileID: 0}
    - target: {fileID: 99308892069973773, guid: a3a29d6544b17aa4a8f1c0e0ff0f49aa, type: 3}
      propertyPath: m_LocalPosition.x
      value: 2.5
      objectReference: {fileID: 0}
    - target: {fileID: 99308892069973773, guid: a3a29d6544b17aa4a8f1c0e0ff0f49aa, type: 3}
      propertyPath: m_LocalPosition.y
      value: 1
      objectReference: {fileID: 0}
    - target: {fileID: 99308892069973773, guid: a3a29d6544b17aa4a8f1c0e0ff0f49aa, type: 3}
      propertyPath: m_LocalPosition.z
      value: 5
      objectReference: {fileID: 0}
    - target: {fileID: 99308892069973773, guid: a3a29d6544b17aa4a8f1c0e0ff0f49aa, type: 3}
      propertyPath: m_LocalRotation.w
      value: 0.7071068
      objectReference: {fileID: 0}
    - target: {fileID: 99308892069973773, guid: a3a29d6544b17aa4a8f1c0e0ff0f49aa, type: 3}
      propertyPath: m_LocalRotation.x
      value: -0
      objectReference: {fileID: 0}
    - target: {fileID: 99308892069973773, guid: a3a29d6544b17aa4a8f1c0e0ff0f49aa, type: 3}
      propertyPath: m_LocalRotation.y
      value: 0.70710677
      objectReference: {fileID: 0}
    - target: {fileID: 99308892069973773, guid: a3a29d6544b17aa4a8f1c0e0ff0f49aa, type: 3}
      propertyPath: m_LocalRotation.z
      value: -0
      objectReference: {fileID: 0}
    - target: {fileID: 99308892069973773, guid: a3a29d6544b17aa4a8f1c0e0ff0f49aa, type: 3}
      propertyPath: m_LocalEulerAnglesHint.x
      value: 0
      objectReference: {fileID: 0}
    - target: {fileID: 99308892069973773, guid: a3a29d6544b17aa4a8f1c0e0ff0f49aa, type: 3}
      propertyPath: m_LocalEulerAnglesHint.y
      value: 90
      objectReference: {fileID: 0}
    - target: {fileID: 99308892069973773, guid: a3a29d6544b17aa4a8f1c0e0ff0f49aa, type: 3}
      propertyPath: m_LocalEulerAnglesHint.z
      value: 0
      objectReference: {fileID: 0}
    - target: {fileID: 997534698714373905, guid: a3a29d6544b17aa4a8f1c0e0ff0f49aa, type: 3}
      propertyPath: m_Materials.Array.data[1]
      value: 
      objectReference: {fileID: 2100000, guid: 8fcf6218c399465468c9ffdfaa637641, type: 2}
    - target: {fileID: 997534698714373905, guid: a3a29d6544b17aa4a8f1c0e0ff0f49aa, type: 3}
      propertyPath: m_Materials.Array.data[2]
      value: 
      objectReference: {fileID: 2100000, guid: c8a7b96991a6db04692039ab1f31e4ec, type: 2}
    - target: {fileID: 2792533642399640519, guid: a3a29d6544b17aa4a8f1c0e0ff0f49aa, type: 3}
      propertyPath: m_Name
      value: FloorBasic00_5x2.5
      objectReference: {fileID: 0}
    - target: {fileID: 2792533642399640519, guid: a3a29d6544b17aa4a8f1c0e0ff0f49aa, type: 3}
      propertyPath: m_StaticEditorFlags
      value: 2147483647
      objectReference: {fileID: 0}
    - target: {fileID: 7792749775125771825, guid: a3a29d6544b17aa4a8f1c0e0ff0f49aa, type: 3}
      propertyPath: m_StaticEditorFlags
      value: 2147483647
      objectReference: {fileID: 0}
    m_RemovedComponents: []
  m_SourcePrefab: {fileID: 100100000, guid: a3a29d6544b17aa4a8f1c0e0ff0f49aa, type: 3}
--- !u!4 &4609204354789179096 stripped
Transform:
  m_CorrespondingSourceObject: {fileID: 99308892069973773, guid: a3a29d6544b17aa4a8f1c0e0ff0f49aa, type: 3}
  m_PrefabInstance: {fileID: 4510352939100549589}
  m_PrefabAsset: {fileID: 0}
--- !u!1001 &5818373215199312723
PrefabInstance:
  m_ObjectHideFlags: 0
  serializedVersion: 2
  m_Modification:
    m_TransformParent: {fileID: 5134697646426794473}
    m_Modifications:
    - target: {fileID: 355579354323247193, guid: e65da6cab683eb547ab89770c710b79b, type: 3}
      propertyPath: m_RootOrder
      value: 3
      objectReference: {fileID: 0}
    - target: {fileID: 355579354323247193, guid: e65da6cab683eb547ab89770c710b79b, type: 3}
      propertyPath: m_LocalPosition.x
      value: -2.499998
      objectReference: {fileID: 0}
    - target: {fileID: 355579354323247193, guid: e65da6cab683eb547ab89770c710b79b, type: 3}
      propertyPath: m_LocalPosition.y
      value: 0
      objectReference: {fileID: 0}
    - target: {fileID: 355579354323247193, guid: e65da6cab683eb547ab89770c710b79b, type: 3}
      propertyPath: m_LocalPosition.z
      value: 5
      objectReference: {fileID: 0}
    - target: {fileID: 355579354323247193, guid: e65da6cab683eb547ab89770c710b79b, type: 3}
      propertyPath: m_LocalRotation.w
      value: 0.70710653
      objectReference: {fileID: 0}
    - target: {fileID: 355579354323247193, guid: e65da6cab683eb547ab89770c710b79b, type: 3}
      propertyPath: m_LocalRotation.x
      value: -0
      objectReference: {fileID: 0}
    - target: {fileID: 355579354323247193, guid: e65da6cab683eb547ab89770c710b79b, type: 3}
      propertyPath: m_LocalRotation.y
      value: 0.70710707
      objectReference: {fileID: 0}
    - target: {fileID: 355579354323247193, guid: e65da6cab683eb547ab89770c710b79b, type: 3}
      propertyPath: m_LocalRotation.z
      value: -0
      objectReference: {fileID: 0}
    - target: {fileID: 355579354323247193, guid: e65da6cab683eb547ab89770c710b79b, type: 3}
      propertyPath: m_LocalEulerAnglesHint.x
      value: 0
      objectReference: {fileID: 0}
    - target: {fileID: 355579354323247193, guid: e65da6cab683eb547ab89770c710b79b, type: 3}
      propertyPath: m_LocalEulerAnglesHint.y
      value: 90
      objectReference: {fileID: 0}
    - target: {fileID: 355579354323247193, guid: e65da6cab683eb547ab89770c710b79b, type: 3}
      propertyPath: m_LocalEulerAnglesHint.z
      value: 0
      objectReference: {fileID: 0}
    - target: {fileID: 679356823549183005, guid: e65da6cab683eb547ab89770c710b79b, type: 3}
      propertyPath: m_Materials.Array.data[3]
      value: 
      objectReference: {fileID: 2100000, guid: 12d525f6d4189b5489b23715430e7a92, type: 2}
    - target: {fileID: 913194093644753015, guid: e65da6cab683eb547ab89770c710b79b, type: 3}
      propertyPath: m_StaticEditorFlags
      value: 1
      objectReference: {fileID: 0}
    - target: {fileID: 1885137756517791740, guid: e65da6cab683eb547ab89770c710b79b, type: 3}
      propertyPath: m_StaticEditorFlags
      value: 1
      objectReference: {fileID: 0}
    - target: {fileID: 2565385502398934309, guid: e65da6cab683eb547ab89770c710b79b, type: 3}
      propertyPath: m_StaticEditorFlags
      value: 1
      objectReference: {fileID: 0}
    - target: {fileID: 3214096244186914310, guid: e65da6cab683eb547ab89770c710b79b, type: 3}
      propertyPath: m_Name
      value: FloatingPlatform00_2.5Corner_Fenced (1)
      objectReference: {fileID: 0}
    - target: {fileID: 3214096244186914310, guid: e65da6cab683eb547ab89770c710b79b, type: 3}
      propertyPath: m_StaticEditorFlags
      value: 1
      objectReference: {fileID: 0}
    - target: {fileID: 4245238027193627006, guid: e65da6cab683eb547ab89770c710b79b, type: 3}
      propertyPath: m_StaticEditorFlags
      value: 1
      objectReference: {fileID: 0}
    - target: {fileID: 6584754301731302626, guid: e65da6cab683eb547ab89770c710b79b, type: 3}
      propertyPath: m_StaticEditorFlags
      value: 1
      objectReference: {fileID: 0}
    - target: {fileID: 7114182569148296158, guid: e65da6cab683eb547ab89770c710b79b, type: 3}
      propertyPath: m_StaticEditorFlags
      value: 1
      objectReference: {fileID: 0}
    - target: {fileID: 8565205125159316910, guid: e65da6cab683eb547ab89770c710b79b, type: 3}
      propertyPath: m_Materials.Array.data[2]
      value: 
      objectReference: {fileID: 2100000, guid: 21332117746b48d4abd0442890ad5793, type: 2}
    - target: {fileID: 8565205125159316910, guid: e65da6cab683eb547ab89770c710b79b, type: 3}
      propertyPath: m_Materials.Array.data[4]
      value: 
      objectReference: {fileID: 2100000, guid: 7170d03e3b5ebd84b9438bae2a61a98c, type: 2}
    - target: {fileID: 8565205125159316910, guid: e65da6cab683eb547ab89770c710b79b, type: 3}
      propertyPath: m_Materials.Array.data[5]
      value: 
      objectReference: {fileID: 2100000, guid: a6c7f542a12787149bb061e048217b38, type: 2}
    m_RemovedComponents: []
  m_SourcePrefab: {fileID: 100100000, guid: e65da6cab683eb547ab89770c710b79b, type: 3}
--- !u!4 &6075432954832378634 stripped
Transform:
  m_CorrespondingSourceObject: {fileID: 355579354323247193, guid: e65da6cab683eb547ab89770c710b79b, type: 3}
  m_PrefabInstance: {fileID: 5818373215199312723}
  m_PrefabAsset: {fileID: 0}
--- !u!1001 &5910880545949002169
PrefabInstance:
  m_ObjectHideFlags: 0
  serializedVersion: 2
  m_Modification:
    m_TransformParent: {fileID: 5134697646426794473}
    m_Modifications:
    - target: {fileID: 426425940846471155, guid: 44e399014eb6dcf44a35c1e3218a2229, type: 3}
      propertyPath: m_StaticEditorFlags
      value: 1
      objectReference: {fileID: 0}
    - target: {fileID: 744738743466633548, guid: 44e399014eb6dcf44a35c1e3218a2229, type: 3}
      propertyPath: m_Materials.Array.data[3]
      value: 
      objectReference: {fileID: 2100000, guid: 21332117746b48d4abd0442890ad5793, type: 2}
    - target: {fileID: 1014772698498906744, guid: 44e399014eb6dcf44a35c1e3218a2229, type: 3}
      propertyPath: m_StaticEditorFlags
      value: 1
      objectReference: {fileID: 0}
    - target: {fileID: 1248952303782922393, guid: 44e399014eb6dcf44a35c1e3218a2229, type: 3}
      propertyPath: m_StaticEditorFlags
      value: 1
      objectReference: {fileID: 0}
    - target: {fileID: 1519347037746043821, guid: 44e399014eb6dcf44a35c1e3218a2229, type: 3}
      propertyPath: m_Materials.Array.data[2]
      value: 
      objectReference: {fileID: 2100000, guid: 12d525f6d4189b5489b23715430e7a92, type: 2}
    - target: {fileID: 4350677060265203657, guid: 44e399014eb6dcf44a35c1e3218a2229, type: 3}
      propertyPath: m_StaticEditorFlags
      value: 1
      objectReference: {fileID: 0}
    - target: {fileID: 4624474325188211997, guid: 44e399014eb6dcf44a35c1e3218a2229, type: 3}
      propertyPath: m_StaticEditorFlags
      value: 1
      objectReference: {fileID: 0}
    - target: {fileID: 4679541820054235850, guid: 44e399014eb6dcf44a35c1e3218a2229, type: 3}
      propertyPath: m_StaticEditorFlags
      value: 1
      objectReference: {fileID: 0}
    - target: {fileID: 5146214717511959119, guid: 44e399014eb6dcf44a35c1e3218a2229, type: 3}
      propertyPath: m_StaticEditorFlags
      value: 1
      objectReference: {fileID: 0}
    - target: {fileID: 6446211381223512118, guid: 44e399014eb6dcf44a35c1e3218a2229, type: 3}
      propertyPath: m_StaticEditorFlags
      value: 1
      objectReference: {fileID: 0}
    - target: {fileID: 6538726777750008993, guid: 44e399014eb6dcf44a35c1e3218a2229, type: 3}
      propertyPath: m_StaticEditorFlags
      value: 1
      objectReference: {fileID: 0}
    - target: {fileID: 7148466886554518683, guid: 44e399014eb6dcf44a35c1e3218a2229, type: 3}
      propertyPath: m_StaticEditorFlags
      value: 1
      objectReference: {fileID: 0}
    - target: {fileID: 8179190607742519997, guid: 44e399014eb6dcf44a35c1e3218a2229, type: 3}
      propertyPath: m_RootOrder
      value: 1
      objectReference: {fileID: 0}
    - target: {fileID: 8179190607742519997, guid: 44e399014eb6dcf44a35c1e3218a2229, type: 3}
      propertyPath: m_LocalPosition.x
      value: 0
      objectReference: {fileID: 0}
    - target: {fileID: 8179190607742519997, guid: 44e399014eb6dcf44a35c1e3218a2229, type: 3}
      propertyPath: m_LocalPosition.y
      value: 0
      objectReference: {fileID: 0}
    - target: {fileID: 8179190607742519997, guid: 44e399014eb6dcf44a35c1e3218a2229, type: 3}
      propertyPath: m_LocalPosition.z
      value: 2.5
      objectReference: {fileID: 0}
    - target: {fileID: 8179190607742519997, guid: 44e399014eb6dcf44a35c1e3218a2229, type: 3}
      propertyPath: m_LocalRotation.w
      value: 0.7071068
      objectReference: {fileID: 0}
    - target: {fileID: 8179190607742519997, guid: 44e399014eb6dcf44a35c1e3218a2229, type: 3}
      propertyPath: m_LocalRotation.x
      value: -0
      objectReference: {fileID: 0}
    - target: {fileID: 8179190607742519997, guid: 44e399014eb6dcf44a35c1e3218a2229, type: 3}
      propertyPath: m_LocalRotation.y
      value: -0.70710677
      objectReference: {fileID: 0}
    - target: {fileID: 8179190607742519997, guid: 44e399014eb6dcf44a35c1e3218a2229, type: 3}
      propertyPath: m_LocalRotation.z
      value: -0
      objectReference: {fileID: 0}
    - target: {fileID: 8179190607742519997, guid: 44e399014eb6dcf44a35c1e3218a2229, type: 3}
      propertyPath: m_LocalEulerAnglesHint.x
      value: 0
      objectReference: {fileID: 0}
    - target: {fileID: 8179190607742519997, guid: 44e399014eb6dcf44a35c1e3218a2229, type: 3}
      propertyPath: m_LocalEulerAnglesHint.y
      value: -90
      objectReference: {fileID: 0}
    - target: {fileID: 8179190607742519997, guid: 44e399014eb6dcf44a35c1e3218a2229, type: 3}
      propertyPath: m_LocalEulerAnglesHint.z
      value: 0
      objectReference: {fileID: 0}
    - target: {fileID: 8646921589335557132, guid: 44e399014eb6dcf44a35c1e3218a2229, type: 3}
      propertyPath: m_Name
      value: FloatingPlatform00_2.5HardInteriorCorner_Fenced
      objectReference: {fileID: 0}
    - target: {fileID: 8646921589335557132, guid: 44e399014eb6dcf44a35c1e3218a2229, type: 3}
      propertyPath: m_StaticEditorFlags
      value: 1
      objectReference: {fileID: 0}
    - target: {fileID: 8753695733402360560, guid: 44e399014eb6dcf44a35c1e3218a2229, type: 3}
      propertyPath: m_StaticEditorFlags
      value: 1
      objectReference: {fileID: 0}
    - target: {fileID: 8766014213897831719, guid: 44e399014eb6dcf44a35c1e3218a2229, type: 3}
      propertyPath: m_StaticEditorFlags
      value: 1
      objectReference: {fileID: 0}
    - target: {fileID: 9142670748347150965, guid: 44e399014eb6dcf44a35c1e3218a2229, type: 3}
      propertyPath: m_StaticEditorFlags
      value: 1
      objectReference: {fileID: 0}
    m_RemovedComponents: []
  m_SourcePrefab: {fileID: 100100000, guid: 44e399014eb6dcf44a35c1e3218a2229, type: 3}
--- !u!4 &2559724710157542148 stripped
Transform:
  m_CorrespondingSourceObject: {fileID: 8179190607742519997, guid: 44e399014eb6dcf44a35c1e3218a2229, type: 3}
  m_PrefabInstance: {fileID: 5910880545949002169}
  m_PrefabAsset: {fileID: 0}
--- !u!1001 &7173002760886140188
PrefabInstance:
  m_ObjectHideFlags: 0
  serializedVersion: 2
  m_Modification:
    m_TransformParent: {fileID: 5134697646426794473}
    m_Modifications:
    - target: {fileID: 2115455572622810789, guid: a1773e4d788662b4db7c53ff5f51a56a, type: 3}
      propertyPath: m_Materials.Array.data[2]
      value: 
      objectReference: {fileID: 2100000, guid: 21332117746b48d4abd0442890ad5793, type: 2}
    - target: {fileID: 2115455572622810789, guid: a1773e4d788662b4db7c53ff5f51a56a, type: 3}
      propertyPath: m_Materials.Array.data[4]
      value: 
      objectReference: {fileID: 2100000, guid: 7170d03e3b5ebd84b9438bae2a61a98c, type: 2}
    - target: {fileID: 2115455572622810789, guid: a1773e4d788662b4db7c53ff5f51a56a, type: 3}
      propertyPath: m_Materials.Array.data[5]
      value: 
      objectReference: {fileID: 2100000, guid: 2130643de8235bd47a4a0cb2ce8df3d0, type: 2}
    - target: {fileID: 2553264942518442057, guid: a1773e4d788662b4db7c53ff5f51a56a, type: 3}
      propertyPath: m_StaticEditorFlags
      value: 1
      objectReference: {fileID: 0}
    - target: {fileID: 3111699602393577480, guid: a1773e4d788662b4db7c53ff5f51a56a, type: 3}
      propertyPath: m_Materials.Array.data[3]
      value: 
      objectReference: {fileID: 2100000, guid: 12d525f6d4189b5489b23715430e7a92, type: 2}
    - target: {fileID: 4459538163385967067, guid: a1773e4d788662b4db7c53ff5f51a56a, type: 3}
      propertyPath: m_StaticEditorFlags
      value: 1
      objectReference: {fileID: 0}
    - target: {fileID: 5675334788034391154, guid: a1773e4d788662b4db7c53ff5f51a56a, type: 3}
      propertyPath: m_StaticEditorFlags
      value: 1
      objectReference: {fileID: 0}
    - target: {fileID: 5855333802994094175, guid: a1773e4d788662b4db7c53ff5f51a56a, type: 3}
      propertyPath: m_RootOrder
      value: 2
      objectReference: {fileID: 0}
    - target: {fileID: 5855333802994094175, guid: a1773e4d788662b4db7c53ff5f51a56a, type: 3}
      propertyPath: m_LocalPosition.x
      value: -2.5
      objectReference: {fileID: 0}
    - target: {fileID: 5855333802994094175, guid: a1773e4d788662b4db7c53ff5f51a56a, type: 3}
      propertyPath: m_LocalPosition.y
      value: 0
      objectReference: {fileID: 0}
    - target: {fileID: 5855333802994094175, guid: a1773e4d788662b4db7c53ff5f51a56a, type: 3}
      propertyPath: m_LocalPosition.z
      value: 2.5
      objectReference: {fileID: 0}
    - target: {fileID: 5855333802994094175, guid: a1773e4d788662b4db7c53ff5f51a56a, type: 3}
      propertyPath: m_LocalRotation.w
      value: 1
      objectReference: {fileID: 0}
    - target: {fileID: 5855333802994094175, guid: a1773e4d788662b4db7c53ff5f51a56a, type: 3}
      propertyPath: m_LocalRotation.x
      value: 0
      objectReference: {fileID: 0}
    - target: {fileID: 5855333802994094175, guid: a1773e4d788662b4db7c53ff5f51a56a, type: 3}
      propertyPath: m_LocalRotation.y
      value: 0
      objectReference: {fileID: 0}
    - target: {fileID: 5855333802994094175, guid: a1773e4d788662b4db7c53ff5f51a56a, type: 3}
      propertyPath: m_LocalRotation.z
      value: 0
      objectReference: {fileID: 0}
    - target: {fileID: 5855333802994094175, guid: a1773e4d788662b4db7c53ff5f51a56a, type: 3}
      propertyPath: m_LocalEulerAnglesHint.x
      value: 0
      objectReference: {fileID: 0}
    - target: {fileID: 5855333802994094175, guid: a1773e4d788662b4db7c53ff5f51a56a, type: 3}
      propertyPath: m_LocalEulerAnglesHint.y
      value: 0
      objectReference: {fileID: 0}
    - target: {fileID: 5855333802994094175, guid: a1773e4d788662b4db7c53ff5f51a56a, type: 3}
      propertyPath: m_LocalEulerAnglesHint.z
      value: 0
      objectReference: {fileID: 0}
    - target: {fileID: 5899528932404092352, guid: a1773e4d788662b4db7c53ff5f51a56a, type: 3}
      propertyPath: m_StaticEditorFlags
      value: 1
      objectReference: {fileID: 0}
    - target: {fileID: 6275409108534309338, guid: a1773e4d788662b4db7c53ff5f51a56a, type: 3}
      propertyPath: m_Name
      value: FloatingPlatform00_2.5_Fenced
      objectReference: {fileID: 0}
    - target: {fileID: 6275409108534309338, guid: a1773e4d788662b4db7c53ff5f51a56a, type: 3}
      propertyPath: m_StaticEditorFlags
      value: 1
      objectReference: {fileID: 0}
    - target: {fileID: 6575481792835878631, guid: a1773e4d788662b4db7c53ff5f51a56a, type: 3}
      propertyPath: m_StaticEditorFlags
      value: 1
      objectReference: {fileID: 0}
    - target: {fileID: 7918593495915470607, guid: a1773e4d788662b4db7c53ff5f51a56a, type: 3}
      propertyPath: m_StaticEditorFlags
      value: 1
      objectReference: {fileID: 0}
    m_RemovedComponents: []
  m_SourcePrefab: {fileID: 100100000, guid: a1773e4d788662b4db7c53ff5f51a56a, type: 3}
--- !u!4 &3659723437683731779 stripped
Transform:
  m_CorrespondingSourceObject: {fileID: 5855333802994094175, guid: a1773e4d788662b4db7c53ff5f51a56a, type: 3}
  m_PrefabInstance: {fileID: 7173002760886140188}
  m_PrefabAsset: {fileID: 0}
--- !u!1001 &7185578415454320608
PrefabInstance:
  m_ObjectHideFlags: 0
  serializedVersion: 2
  m_Modification:
    m_TransformParent: {fileID: 5134697646426794473}
    m_Modifications:
    - target: {fileID: 355579354323247193, guid: e65da6cab683eb547ab89770c710b79b, type: 3}
      propertyPath: m_RootOrder
      value: 8
      objectReference: {fileID: 0}
    - target: {fileID: 355579354323247193, guid: e65da6cab683eb547ab89770c710b79b, type: 3}
      propertyPath: m_LocalPosition.x
      value: 2.500002
      objectReference: {fileID: 0}
    - target: {fileID: 355579354323247193, guid: e65da6cab683eb547ab89770c710b79b, type: 3}
      propertyPath: m_LocalPosition.y
      value: 0
      objectReference: {fileID: 0}
    - target: {fileID: 355579354323247193, guid: e65da6cab683eb547ab89770c710b79b, type: 3}
      propertyPath: m_LocalPosition.z
      value: 4.999996
      objectReference: {fileID: 0}
    - target: {fileID: 355579354323247193, guid: e65da6cab683eb547ab89770c710b79b, type: 3}
      propertyPath: m_LocalRotation.w
      value: 0.00000016391276
      objectReference: {fileID: 0}
    - target: {fileID: 355579354323247193, guid: e65da6cab683eb547ab89770c710b79b, type: 3}
      propertyPath: m_LocalRotation.x
      value: -0
      objectReference: {fileID: 0}
    - target: {fileID: 355579354323247193, guid: e65da6cab683eb547ab89770c710b79b, type: 3}
      propertyPath: m_LocalRotation.y
      value: 1
      objectReference: {fileID: 0}
    - target: {fileID: 355579354323247193, guid: e65da6cab683eb547ab89770c710b79b, type: 3}
      propertyPath: m_LocalRotation.z
      value: -0
      objectReference: {fileID: 0}
    - target: {fileID: 355579354323247193, guid: e65da6cab683eb547ab89770c710b79b, type: 3}
      propertyPath: m_LocalEulerAnglesHint.x
      value: 0
      objectReference: {fileID: 0}
    - target: {fileID: 355579354323247193, guid: e65da6cab683eb547ab89770c710b79b, type: 3}
      propertyPath: m_LocalEulerAnglesHint.y
      value: 180
      objectReference: {fileID: 0}
    - target: {fileID: 355579354323247193, guid: e65da6cab683eb547ab89770c710b79b, type: 3}
      propertyPath: m_LocalEulerAnglesHint.z
      value: 0
      objectReference: {fileID: 0}
    - target: {fileID: 679356823549183005, guid: e65da6cab683eb547ab89770c710b79b, type: 3}
      propertyPath: m_Materials.Array.data[3]
      value: 
      objectReference: {fileID: 2100000, guid: 12d525f6d4189b5489b23715430e7a92, type: 2}
    - target: {fileID: 913194093644753015, guid: e65da6cab683eb547ab89770c710b79b, type: 3}
      propertyPath: m_StaticEditorFlags
      value: 1
      objectReference: {fileID: 0}
    - target: {fileID: 1885137756517791740, guid: e65da6cab683eb547ab89770c710b79b, type: 3}
      propertyPath: m_StaticEditorFlags
      value: 1
      objectReference: {fileID: 0}
    - target: {fileID: 2565385502398934309, guid: e65da6cab683eb547ab89770c710b79b, type: 3}
      propertyPath: m_StaticEditorFlags
      value: 1
      objectReference: {fileID: 0}
    - target: {fileID: 3214096244186914310, guid: e65da6cab683eb547ab89770c710b79b, type: 3}
      propertyPath: m_Name
      value: FloatingPlatform00_2.5Corner_Fenced (3)
      objectReference: {fileID: 0}
    - target: {fileID: 3214096244186914310, guid: e65da6cab683eb547ab89770c710b79b, type: 3}
      propertyPath: m_StaticEditorFlags
      value: 1
      objectReference: {fileID: 0}
    - target: {fileID: 4245238027193627006, guid: e65da6cab683eb547ab89770c710b79b, type: 3}
      propertyPath: m_StaticEditorFlags
      value: 1
      objectReference: {fileID: 0}
    - target: {fileID: 6584754301731302626, guid: e65da6cab683eb547ab89770c710b79b, type: 3}
      propertyPath: m_StaticEditorFlags
      value: 1
      objectReference: {fileID: 0}
    - target: {fileID: 7114182569148296158, guid: e65da6cab683eb547ab89770c710b79b, type: 3}
      propertyPath: m_StaticEditorFlags
      value: 1
      objectReference: {fileID: 0}
    - target: {fileID: 8565205125159316910, guid: e65da6cab683eb547ab89770c710b79b, type: 3}
      propertyPath: m_Materials.Array.data[2]
      value: 
      objectReference: {fileID: 2100000, guid: 21332117746b48d4abd0442890ad5793, type: 2}
    - target: {fileID: 8565205125159316910, guid: e65da6cab683eb547ab89770c710b79b, type: 3}
      propertyPath: m_Materials.Array.data[4]
      value: 
      objectReference: {fileID: 2100000, guid: 7170d03e3b5ebd84b9438bae2a61a98c, type: 2}
    - target: {fileID: 8565205125159316910, guid: e65da6cab683eb547ab89770c710b79b, type: 3}
      propertyPath: m_Materials.Array.data[5]
      value: 
      objectReference: {fileID: 2100000, guid: a6c7f542a12787149bb061e048217b38, type: 2}
    m_RemovedComponents: []
  m_SourcePrefab: {fileID: 100100000, guid: e65da6cab683eb547ab89770c710b79b, type: 3}
--- !u!4 &7446430363971753913 stripped
Transform:
  m_CorrespondingSourceObject: {fileID: 355579354323247193, guid: e65da6cab683eb547ab89770c710b79b, type: 3}
  m_PrefabInstance: {fileID: 7185578415454320608}
  m_PrefabAsset: {fileID: 0}
--- !u!1001 &7436823616365283631
PrefabInstance:
  m_ObjectHideFlags: 0
  serializedVersion: 2
  m_Modification:
    m_TransformParent: {fileID: 5134697646426794473}
    m_Modifications:
    - target: {fileID: 136425487007146408, guid: ea6dfd485ff91c346b45ad99dad886ce, type: 3}
      propertyPath: m_StaticEditorFlags
      value: 1
      objectReference: {fileID: 0}
    - target: {fileID: 5016165272662297382, guid: ea6dfd485ff91c346b45ad99dad886ce, type: 3}
      propertyPath: m_Materials.Array.data[3]
      value: 
      objectReference: {fileID: 2100000, guid: 12d525f6d4189b5489b23715430e7a92, type: 2}
    - target: {fileID: 5549347028405496310, guid: ea6dfd485ff91c346b45ad99dad886ce, type: 3}
      propertyPath: m_RootOrder
      value: 7
      objectReference: {fileID: 0}
    - target: {fileID: 5549347028405496310, guid: ea6dfd485ff91c346b45ad99dad886ce, type: 3}
      propertyPath: m_LocalPosition.x
      value: -2.5
      objectReference: {fileID: 0}
    - target: {fileID: 5549347028405496310, guid: ea6dfd485ff91c346b45ad99dad886ce, type: 3}
      propertyPath: m_LocalPosition.y
      value: 0
      objectReference: {fileID: 0}
    - target: {fileID: 5549347028405496310, guid: ea6dfd485ff91c346b45ad99dad886ce, type: 3}
      propertyPath: m_LocalPosition.z
      value: 5
      objectReference: {fileID: 0}
    - target: {fileID: 5549347028405496310, guid: ea6dfd485ff91c346b45ad99dad886ce, type: 3}
      propertyPath: m_LocalRotation.w
      value: 0.7071068
      objectReference: {fileID: 0}
    - target: {fileID: 5549347028405496310, guid: ea6dfd485ff91c346b45ad99dad886ce, type: 3}
      propertyPath: m_LocalRotation.x
      value: -0
      objectReference: {fileID: 0}
    - target: {fileID: 5549347028405496310, guid: ea6dfd485ff91c346b45ad99dad886ce, type: 3}
      propertyPath: m_LocalRotation.y
      value: 0.70710677
      objectReference: {fileID: 0}
    - target: {fileID: 5549347028405496310, guid: ea6dfd485ff91c346b45ad99dad886ce, type: 3}
      propertyPath: m_LocalRotation.z
      value: -0
      objectReference: {fileID: 0}
    - target: {fileID: 5549347028405496310, guid: ea6dfd485ff91c346b45ad99dad886ce, type: 3}
      propertyPath: m_LocalEulerAnglesHint.x
      value: 0
      objectReference: {fileID: 0}
    - target: {fileID: 5549347028405496310, guid: ea6dfd485ff91c346b45ad99dad886ce, type: 3}
      propertyPath: m_LocalEulerAnglesHint.y
      value: 90
      objectReference: {fileID: 0}
    - target: {fileID: 5549347028405496310, guid: ea6dfd485ff91c346b45ad99dad886ce, type: 3}
      propertyPath: m_LocalEulerAnglesHint.z
      value: 0
      objectReference: {fileID: 0}
    - target: {fileID: 5721170951777689012, guid: ea6dfd485ff91c346b45ad99dad886ce, type: 3}
      propertyPath: m_StaticEditorFlags
      value: 1
      objectReference: {fileID: 0}
    - target: {fileID: 6839862955334140080, guid: ea6dfd485ff91c346b45ad99dad886ce, type: 3}
      propertyPath: m_Materials.Array.data[2]
      value: 
      objectReference: {fileID: 2100000, guid: 21332117746b48d4abd0442890ad5793, type: 2}
    - target: {fileID: 6839862955334140080, guid: ea6dfd485ff91c346b45ad99dad886ce, type: 3}
      propertyPath: m_Materials.Array.data[4]
      value: 
      objectReference: {fileID: 2100000, guid: 7170d03e3b5ebd84b9438bae2a61a98c, type: 2}
    - target: {fileID: 6839862955334140080, guid: ea6dfd485ff91c346b45ad99dad886ce, type: 3}
      propertyPath: m_Materials.Array.data[5]
      value: 
      objectReference: {fileID: 2100000, guid: 2130643de8235bd47a4a0cb2ce8df3d0, type: 2}
    - target: {fileID: 7951687588313806583, guid: ea6dfd485ff91c346b45ad99dad886ce, type: 3}
      propertyPath: m_StaticEditorFlags
      value: 1
      objectReference: {fileID: 0}
    - target: {fileID: 8097280708627282881, guid: ea6dfd485ff91c346b45ad99dad886ce, type: 3}
      propertyPath: m_StaticEditorFlags
      value: 1
      objectReference: {fileID: 0}
    - target: {fileID: 8877238938162424834, guid: ea6dfd485ff91c346b45ad99dad886ce, type: 3}
      propertyPath: m_Name
      value: FloatingPlatform00_5_Fenced
      objectReference: {fileID: 0}
    - target: {fileID: 8877238938162424834, guid: ea6dfd485ff91c346b45ad99dad886ce, type: 3}
      propertyPath: m_StaticEditorFlags
      value: 1
      objectReference: {fileID: 0}
    - target: {fileID: 8932111282419383368, guid: ea6dfd485ff91c346b45ad99dad886ce, type: 3}
      propertyPath: m_StaticEditorFlags
      value: 1
      objectReference: {fileID: 0}
    - target: {fileID: 8979676513976624313, guid: ea6dfd485ff91c346b45ad99dad886ce, type: 3}
      propertyPath: m_StaticEditorFlags
      value: 1
      objectReference: {fileID: 0}
    m_RemovedComponents: []
  m_SourcePrefab: {fileID: 100100000, guid: ea6dfd485ff91c346b45ad99dad886ce, type: 3}
--- !u!4 &3042139857809498329 stripped
Transform:
  m_CorrespondingSourceObject: {fileID: 5549347028405496310, guid: ea6dfd485ff91c346b45ad99dad886ce, type: 3}
  m_PrefabInstance: {fileID: 7436823616365283631}
  m_PrefabAsset: {fileID: 0}
--- !u!1001 &8232657804871966009
PrefabInstance:
  m_ObjectHideFlags: 0
  serializedVersion: 2
  m_Modification:
    m_TransformParent: {fileID: 5134697646426794473}
    m_Modifications:
    - target: {fileID: 355579354323247193, guid: e65da6cab683eb547ab89770c710b79b, type: 3}
      propertyPath: m_RootOrder
      value: 0
      objectReference: {fileID: 0}
    - target: {fileID: 355579354323247193, guid: e65da6cab683eb547ab89770c710b79b, type: 3}
      propertyPath: m_LocalPosition.x
      value: -2.5
      objectReference: {fileID: 0}
    - target: {fileID: 355579354323247193, guid: e65da6cab683eb547ab89770c710b79b, type: 3}
      propertyPath: m_LocalPosition.y
      value: 0
      objectReference: {fileID: 0}
    - target: {fileID: 355579354323247193, guid: e65da6cab683eb547ab89770c710b79b, type: 3}
      propertyPath: m_LocalPosition.z
      value: 2.5
      objectReference: {fileID: 0}
    - target: {fileID: 355579354323247193, guid: e65da6cab683eb547ab89770c710b79b, type: 3}
      propertyPath: m_LocalRotation.w
      value: 1
      objectReference: {fileID: 0}
    - target: {fileID: 355579354323247193, guid: e65da6cab683eb547ab89770c710b79b, type: 3}
      propertyPath: m_LocalRotation.x
      value: 0
      objectReference: {fileID: 0}
    - target: {fileID: 355579354323247193, guid: e65da6cab683eb547ab89770c710b79b, type: 3}
      propertyPath: m_LocalRotation.y
      value: 0
      objectReference: {fileID: 0}
    - target: {fileID: 355579354323247193, guid: e65da6cab683eb547ab89770c710b79b, type: 3}
      propertyPath: m_LocalRotation.z
      value: 0
      objectReference: {fileID: 0}
    - target: {fileID: 355579354323247193, guid: e65da6cab683eb547ab89770c710b79b, type: 3}
      propertyPath: m_LocalEulerAnglesHint.x
      value: 0
      objectReference: {fileID: 0}
    - target: {fileID: 355579354323247193, guid: e65da6cab683eb547ab89770c710b79b, type: 3}
      propertyPath: m_LocalEulerAnglesHint.y
      value: 0
      objectReference: {fileID: 0}
    - target: {fileID: 355579354323247193, guid: e65da6cab683eb547ab89770c710b79b, type: 3}
      propertyPath: m_LocalEulerAnglesHint.z
      value: 0
      objectReference: {fileID: 0}
    - target: {fileID: 679356823549183005, guid: e65da6cab683eb547ab89770c710b79b, type: 3}
      propertyPath: m_Materials.Array.data[3]
      value: 
      objectReference: {fileID: 2100000, guid: 12d525f6d4189b5489b23715430e7a92, type: 2}
    - target: {fileID: 913194093644753015, guid: e65da6cab683eb547ab89770c710b79b, type: 3}
      propertyPath: m_StaticEditorFlags
      value: 1
      objectReference: {fileID: 0}
    - target: {fileID: 1885137756517791740, guid: e65da6cab683eb547ab89770c710b79b, type: 3}
      propertyPath: m_StaticEditorFlags
      value: 1
      objectReference: {fileID: 0}
    - target: {fileID: 2565385502398934309, guid: e65da6cab683eb547ab89770c710b79b, type: 3}
      propertyPath: m_StaticEditorFlags
      value: 1
      objectReference: {fileID: 0}
    - target: {fileID: 3214096244186914310, guid: e65da6cab683eb547ab89770c710b79b, type: 3}
      propertyPath: m_Name
      value: FloatingPlatform00_2.5Corner_Fenced
      objectReference: {fileID: 0}
    - target: {fileID: 3214096244186914310, guid: e65da6cab683eb547ab89770c710b79b, type: 3}
      propertyPath: m_StaticEditorFlags
      value: 1
      objectReference: {fileID: 0}
    - target: {fileID: 4245238027193627006, guid: e65da6cab683eb547ab89770c710b79b, type: 3}
      propertyPath: m_StaticEditorFlags
      value: 1
      objectReference: {fileID: 0}
    - target: {fileID: 6584754301731302626, guid: e65da6cab683eb547ab89770c710b79b, type: 3}
      propertyPath: m_StaticEditorFlags
      value: 1
      objectReference: {fileID: 0}
    - target: {fileID: 7114182569148296158, guid: e65da6cab683eb547ab89770c710b79b, type: 3}
      propertyPath: m_StaticEditorFlags
      value: 1
      objectReference: {fileID: 0}
    - target: {fileID: 8565205125159316910, guid: e65da6cab683eb547ab89770c710b79b, type: 3}
      propertyPath: m_Materials.Array.data[2]
      value: 
      objectReference: {fileID: 2100000, guid: 21332117746b48d4abd0442890ad5793, type: 2}
    - target: {fileID: 8565205125159316910, guid: e65da6cab683eb547ab89770c710b79b, type: 3}
      propertyPath: m_Materials.Array.data[4]
      value: 
      objectReference: {fileID: 2100000, guid: 7170d03e3b5ebd84b9438bae2a61a98c, type: 2}
    - target: {fileID: 8565205125159316910, guid: e65da6cab683eb547ab89770c710b79b, type: 3}
      propertyPath: m_Materials.Array.data[5]
      value: 
      objectReference: {fileID: 2100000, guid: a6c7f542a12787149bb061e048217b38, type: 2}
    m_RemovedComponents: []
  m_SourcePrefab: {fileID: 100100000, guid: e65da6cab683eb547ab89770c710b79b, type: 3}
--- !u!4 &8552057715103104352 stripped
Transform:
  m_CorrespondingSourceObject: {fileID: 355579354323247193, guid: e65da6cab683eb547ab89770c710b79b, type: 3}
  m_PrefabInstance: {fileID: 8232657804871966009}
  m_PrefabAsset: {fileID: 0}
